[Event "Chinese League Div-A Rapid 2022"]
[Site "Fuling,Chongqing"]
[Date "2022.09.16"]
[Round "9.29"]
[White "Hu, Yu A."]
[Black "Ren, Xiaoyi"]
[Result "1-0"]
[ECO "B08"]
[WhiteElo "2074"]
[BlackElo "2250"]
[Annotator "TA"]
[PlyCount "103"]
[EventDate "2022.09.07"]
[EventType "team-tourn"]
[EventCountry "CHN"]
[SourceTitle "playchess.com"]
[Source "ChessBase"]
[SourceQuality "1"]
[TimeControl "1500+10"]

1. e4 d6 2. d4 g6 3. Nc3 Bg7 4. Be3 c6 5. a4 Nd7 6. Nf3 Ngf6 7. h3 O-O 8. Bd3 e5 9. O-O Re8 10. Qd2 Nf8 {[%emt 0:03:29] B08: Pirc Defence: Classical System.} 11. Rad1 Qc7 {[%emt 0:00:55] [#]} 12. dxe5 $146 ({Predecessor:} 12. Rfe1 a6 13. b4 Ne6 14. a5 exd4 15. Nxd4 c5 16. Nb3 c4 17. Nd5 Nxd5 18. exd5 cxd3 19. dxe6 dxc2 {0-1 (28) Humphrey,J (2158)-Rujevic,M (2273) Canberra 2004}) 12... dxe5 {[%emt 0:00:08] White has an edge.} 13. Bh6 Ne6 14. Bxg7 Kxg7 15. Bc4 Rd8 16. Qe3 Bd7 (16... Ne8 $11) 17. Rd2 {[%emt 0:01:22] White has more active pieces.} a5 ({Better is} 17... Nf4 $14) 18. Rfd1 $16 Re8 19. Bxe6 Bxe6 20. Qc5 $1 Nd7 {[%emt 0:05:43] [#]} (20... Rac8 $16 {is a better defense.}) 21. Nb5 (21. Rxd7 $1 $18 Bxd7 22. Nd5) 21... Qd8 $14 {[%emt 0:04:25] [#]} ({Not} 21... Nxc5 22. Nxc7 f6 23. Nxa8 (23. Nxe8+ Rxe8 24. Rd8 Re7 $16) 23... Rxa8 24. Rd8 (24. Rd6 Kf7 $16) 24... Rxd8 25. Rxd8 $16) (21... Qc8 22. Rxd7 $1 Bxd7 23. Nd6 $16) 22. Qc3 (22. Rxd7 $1 $14 {stays ahead.} Bxd7 23. Nd6) 22... cxb5 $17 23. Nxe5 b4 (23... Rc8 $17 24. Qe3 Re7) 24. Qe3 $11 Nxe5 25. Rxd8 Raxd8 26. Rxd8 Rxd8 27. Qb6 Rd1+ 28. Kh2 Nc4 29. Qc5 Nd2 (29... h6 $17 {Hoping for ...Rd2.} 30. b3 Nd2) 30. Qe5+ Kg8 31. Kg3 (31. Qb8+ $11 {remains equal.} Kg7 32. Qe5+ Kh6 33. Qf4+ Kg7 34. Qe5+) 31... Nc4 $2 ({Black should try} 31... h6 $17 {Strongly threatening ...Nc4.} 32. Qxa5 Nxe4+ 33. Kf3 {[#]} b3 $1 34. cxb3 Ng5+ 35. Ke2 Bxb3) 32. Qb8+ $14 {[%emt 0:00:06][%mdl 1024] White has compensation.} Kg7 {[%emt 0:00:02] Threatens to win with ...b3.} 33. b3 Nd6 34. f3 Rd2 35. Qc7 h5 $2 (35... Ne8 $11 {and Black stays safe.} 36. Qxa5 Rxc2) 36. Qxa5 $18 h4+ 37. Kxh4 Ne8 (37... Nxe4 $16 {was worth a try.} 38. fxe4 Rxg2 39. Qe5+ (39. Qxb4 f6 40. Qe7+ Bf7) 39... Kh7) 38. g4 ({Wrong is} 38. Qxb4 $2 Rxg2 39. Qe7 (39. Qxb7 $2 {gets mated.} g5+ 40. Kh5 Nf6#) 39... g5+ 40. Qxg5+ Rxg5 $19) 38... Rxc2 39. Qxb4 Rg2 $2 (39... Rc7 {is a better chance.} 40. Qb6 Rd7) 40. Qxb7 Kh6 $2 (40... Nf6 41. Kg5 Nh7+ 42. Kf4 g5+ 43. Ke3 Ra2) 41. f4 f6 42. Qe7 {[%emt 0:00:18][%csl LRe6,LRe8] White wants to mate with g5+.} Ng7 43. Qxf6 {[%emt 0:00:09] White threatens f5 and mate.} Bxb3 44. f5 {[%emt 0:00:19][%csl Gf5][%cal Rf6g6] White mates.} Kh7 45. fxg6+ Kh8 46. Qd8+ Bg8 47. a5 Ra2 48. Qb6 Ne6 49. a6 Kg7 50. Qb7+ Kxg6 51. a7 Nc5 52. Qc6+ {[%emt 0:00:05] Weighted Error Value: White=0.22 (precise) /Black=0.60} (52. a8=Q $142 Rxa8 53. Qxa8 Bf7 54. Qh8 Ne6 55. g5 Nxg5 56. Qh5+ Kf6 57. Qxg5+ Ke6 58. Qd8) 1-0

[Event "Chinese League Div-A Rapid 2022"]
[Site "Fuling,Chongqing"]
[Date "2022.09.16"]
[Round "9.30"]
[White "Gu, Xiaobing"]
[Black "Chu, Ruotong"]
[Result "1/2-1/2"]
[ECO "C01"]
[WhiteElo "2219"]
[BlackElo "2185"]
[Annotator "TA"]
[PlyCount "51"]
[EventDate "2022.09.07"]
[EventType "team-tourn"]
[EventCountry "CHN"]
[SourceTitle "playchess.com"]
[Source "ChessBase"]
[SourceQuality "1"]
[TimeControl "1500+10"]

1. e4 e5 2. Nf3 Nf6 3. Nxe5 d6 4. Nf3 Nxe4 5. d3 Nf6 6. d4 d5 7. Bd3 Bd6 8. O-O O-O 9. h3 h6 10. Nc3 c6 {[%emt 0:00:39][%cal Bc7c6,Bc6c5][%mdl 32] has lost popularity (10...Re8). C01: French: Exchange Variation.} 11. Ne5 Re8 12. Re1 {[%emt 0:00:03] [#]} c5 $146 {[%emt 0:02:05] The position is equal.} (12... Nbd7 $5 ) ({Predecessor:} 12... Nbd7 13. Bf4 Qc7 14. Qf3 Nxe5 15. dxe5 Rxe5 16. Bxe5 Bxe5 17. Re2 Bd7 18. Rae1 Bd6 19. Bf5 Bxf5 20. Qxf5 Qb6 {1-0 (65) Bacrot,E (2725)-Akobian,V (2647) Riadh 2017}) 13. Bf4 Nc6 14. Nxc6 Rxe1+ 15. Qxe1 bxc6 16. Be5 Be6 17. dxc5 Bxc5 18. Na4 Be7 19. Rd1 Nd7 20. Bf4 Nc5 21. Nxc5 Bxc5 22. c3 Qh4 23. Be3 Bxe3 24. Qxe3 Qa4 25. Qe2 Qxa2 26. Bb1 {[%emt 0:00:01] Weighted Error Value: White=0.14 (very precise) /Black=0.09 (flawless)} 1/2-1/2

[Event "Chinese League Div-A Rapid 2022"]
[Site "Fuling,Chongqing"]
[Date "2022.09.18"]
[Round "10.1"]
[White "Xu, Xiangyu"]
[Black "Zhang, Zhong"]
[Result "1-0"]
[ECO "E51"]
[WhiteElo "2571"]
[BlackElo "2617"]
[Annotator "ChessBase"]
[PlyCount "105"]
[EventDate "2022.09.07"]
[EventType "team-tourn"]
[EventCountry "CHN"]
[SourceTitle "playchess.com"]
[Source "ChessBase"]
[SourceQuality "1"]
[TimeControl "1500+10"]

1. d4 Nf6 2. c4 e6 3. Nc3 Bb4 4. e3 O-O 5. Bd2 d5 6. Nf3 a6 7. a3 Be7 8. b4 dxc4 9. Bxc4 b6 10. O-O Bb7 11. Rb1 Nbd7 12. Qe2 Bd6 13. e4 e5 14. Bg5 exd4 15. Nxd4 Qe8 16. Rfe1 b5 17. Bb3 Qe5 18. Nf3 Qxc3 19. Rec1 Nxe4 20. Rb2 Ng3 21. hxg3 Bxf3 22. gxf3 Qe5 23. Bf4 Qf6 24. Bxd6 cxd6 25. Rd2 Rfd8 26. Rc7 Rac8 27. Rxc8 Rxc8 28. Qd1 Rc6 29. Bd5 Rb6 30. Rc2 Rb8 31. Rc6 Ne5 32. Rxa6 g5 33. Kg2 Kg7 34. Qd4 Rc8 35. Rb6 Nc4 36. Qxf6+ Kxf6 37. Rxb5 Nxa3 38. Rb7 Ke5 39. Bxf7 Rc2 40. Ra7 Nc4 41. Bg8 Ne3+ 42. Kg1 Nd1 43. Ra5+ Kf6 44. Bb3 Rc1 45. Kg2 Rb1 46. Bc2 Rc1 47. Bxh7 Nc3 48. b5 Re1 49. b6 Re8 50. Ra3 Nd5 51. b7 Rb8 52. Be4 Ne7 53. Ra8 1-0

[Event "Chinese League Div-A Rapid 2022"]
[Site "Fuling,Chongqing"]
[Date "2022.09.18"]
[Round "10.2"]
[White "Li, Di"]
[Black "Ni, Hua"]
[Result "1/2-1/2"]
[ECO "A09"]
[WhiteElo "2575"]
[BlackElo "2668"]
[Annotator "ChessBase"]
[PlyCount "112"]
[EventDate "2022.09.07"]
[EventType "team-tourn"]
[EventCountry "CHN"]
[SourceTitle "playchess.com"]
[Source "ChessBase"]
[SourceQuality "1"]
[TimeControl "1500+10"]

1. Nf3 d5 2. c4 d4 3. b4 c5 4. e3 dxe3 5. fxe3 cxb4 6. Bb2 Nf6 7. d4 Bf5 8. a3 e6 9. c5 bxa3 10. Bb5+ Nc6 11. Rxa3 Bxc5 12. dxc5 Qxd1+ 13. Kxd1 Bxb1 14. Ke2 Be4 15. Nd2 Bg6 16. Rha1 O-O 17. Nc4 Ne4 18. Bxc6 bxc6 19. Be5 f6 20. Bd6 Rf7 21. Rb3 Rd8 22. Ra6 Nxd6 23. Nxd6 Rc7 24. Rba3 Ra8 25. e4 h5 26. h4 e5 27. Rb3 Rf8 28. Rba3 Ra8 29. Rb3 Kh7 30. Ke3 Kh6 31. Rb2 Bh7 32. g3 g5 33. hxg5+ Kxg5 34. Kf3 Bg6 35. Rb4 Rh8 36. Ra1 Ra8 37. Ra6 f5 38. exf5 Bxf5 39. Nxf5 Kxf5 40. Rh4 Kg5 41. Ke4 Rd8 42. Rh1 Rd2 43. Rf1 Re2+ 44. Kd3 Rg2 45. Ke4 Rxg3 46. Kxe5 Rd3 47. Rg1+ Kh6 48. Kf6 Rf3+ 49. Ke6 Rff7 50. Ra2 Rg7 51. Kd6 Rgd7+ 52. Ke6 h4 53. Ra4 Re7+ 54. Kd6 Red7+ 55. Ke6 Re7+ 56. Kd6 Red7+ 1/2-1/2

[Event "Chinese League Div-A Rapid 2022"]
[Site "Fuling,Chongqing"]
[Date "2022.09.18"]
[Round "10.3"]
[White "Zhao, Yuanhe"]
[Black "Lou, Yiping"]
[Result "0-1"]
[ECO "A09"]
[WhiteElo "2440"]
[BlackElo "2485"]
[Annotator "ChessBase"]
[PlyCount "98"]
[EventDate "2022.09.07"]
[EventType "team-tourn"]
[EventCountry "CHN"]
[SourceTitle "playchess.com"]
[Source "ChessBase"]
[SourceQuality "1"]
[TimeControl "1500+10"]

1. Nf3 d5 2. c4 dxc4 3. Na3 c5 4. Nxc4 Nc6 5. g3 f6 6. Bg2 e5 7. d3 Be6 8. Nfd2 Nge7 9. O-O Nd5 10. Ne4 Be7 11. f4 exf4 12. gxf4 O-O 13. f5 Bf7 14. a4 Nb6 15. Nxb6 axb6 16. Be3 Nd4 17. Ra3 Qd7 18. Ng3 Rfe8 19. Be4 Bd6 20. Bf4 Bf8 21. e3 Nc6 22. Rc3 Nb4 23. Qg4 Rxa4 24. h4 Kh8 25. Kh2 Nd5 26. Bxd5 Qxd5 27. e4 Qd4 28. Ne2 Qb4 29. Rf2 c4 30. dxc4 Rxe4 31. Qf3 Qe7 32. b3 Ra1 33. Rd3 Be8 34. Nc3 Ree1 35. Re3 Rxe3 36. Qxe3 Bc6 37. Nd5 Qxe3 38. Bxe3 b5 39. Rd2 bxc4 40. bxc4 Kg8 41. h5 Kf7 42. Nf4 Bb4 43. Rd8 Re1 44. Bb6 Re5 45. h6 gxh6 46. Nd5 Bf8 47. Bd4 Rxf5 48. Rc8 Bd6+ 49. Kh3 Rxd5 0-1

[Event "Chinese League Div-A Rapid 2022"]
[Site "Fuling,Chongqing"]
[Date "2022.09.18"]
[Round "10.4"]
[White "Ju, Wenjun"]
[Black "Ren, Xiaoyi"]
[Result "1/2-1/2"]
[ECO "D78"]
[WhiteElo "2560"]
[BlackElo "2250"]
[Annotator "ChessBase"]
[PlyCount "64"]
[EventDate "2022.09.07"]
[EventType "team-tourn"]
[EventCountry "CHN"]
[SourceTitle "playchess.com"]
[Source "ChessBase"]
[SourceQuality "1"]
[TimeControl "1500+10"]

1. c4 Nf6 2. Nf3 g6 3. g3 Bg7 4. Bg2 O-O 5. O-O c6 6. b3 Ne4 7. d4 d5 8. Bb2 Nd7 9. Nc3 Ndf6 10. Ne5 Bf5 11. Rc1 Bh6 12. e3 Rc8 13. Qe2 Nxc3 14. Bxc3 Ne4 15. Bb4 a5 16. Ba3 f6 17. Nd3 b5 18. cxb5 cxb5 19. Rxc8 Bxc8 20. Nc5 b4 21. Nxe4 dxe4 22. Bb2 Bb7 23. Rc1 Qb6 24. Rc5 Ba6 25. Qd1 Rd8 26. Qc1 Bd3 27. Rc7 Bf8 28. Bf1 Qa6 29. Rc6 Qb5 30. Rc5 Qa6 31. Rc6 Qb5 32. Rc5 Qa6 1/2-1/2

[Event "Chinese League Div-A Rapid 2022"]
[Site "Fuling,Chongqing"]
[Date "2022.09.18"]
[Round "10.5"]
[White "Ning, Kaiyu"]
[Black "Chu, Ruotong"]
[Result "0-1"]
[ECO "D27"]
[WhiteElo "2374"]
[BlackElo "2185"]
[Annotator "ChessBase"]
[PlyCount "94"]
[EventDate "2022.09.07"]
[EventType "team-tourn"]
[EventCountry "CHN"]
[SourceTitle "playchess.com"]
[Source "ChessBase"]
[SourceQuality "1"]
[TimeControl "1500+10"]

1. d4 d5 2. c4 dxc4 3. Nf3 Nf6 4. e3 e6 5. Bxc4 a6 6. O-O c5 7. b3 Nc6 8. Bb2 cxd4 9. Nxd4 Nxd4 10. Bxd4 Be7 11. Nd2 O-O 12. Be2 Nd5 13. Ne4 Bd7 14. Bd3 Nf6 15. Nxf6+ Bxf6 16. Bxf6 Qxf6 17. Bxh7+ Kxh7 18. Qxd7 b5 19. a4 b4 20. Rac1 a5 21. Rc4 Rad8 22. Qc7 Rd5 23. e4 Rg5 24. f4 Rh5 25. g3 Qb2 26. Rf2 Qxb3 27. Kg2 Qxa4 28. e5 Qb3 29. Rd4 Qe3 30. Rfd2 g5 31. Qe7 Kg7 32. Qf6+ Kh7 33. f5 g4 34. fxe6 Qf3+ 35. Qxf3 gxf3+ 36. Kxf3 fxe6+ 37. Ke4 Rff5 38. g4 Rxe5+ 39. Kf4 Rd5 40. Rxd5 Rxd5 41. Re2 e5+ 42. Ke4 Rb5 43. Kd3 b3 44. Kc3 b2 45. Rxb2 Rxb2 46. Kxb2 e4 47. Kc3 a4 0-1

[Event "Chinese League Div-A Rapid 2022"]
[Site "Fuling,Chongqing"]
[Date "2022.09.18"]
[Round "10.6"]
[White "Zhao, Jun"]
[Black "Ding, Liren"]
[Result "1/2-1/2"]
[ECO "C88"]
[WhiteElo "2619"]
[BlackElo "2808"]
[Annotator "ChessBase"]
[PlyCount "89"]
[EventDate "2022.09.07"]
[EventType "team-tourn"]
[EventCountry "CHN"]
[SourceTitle "playchess.com"]
[Source "ChessBase"]
[SourceQuality "1"]
[TimeControl "1500+10"]

1. e4 e5 2. Nf3 Nc6 3. Bb5 a6 4. Ba4 Nf6 5. O-O Be7 6. Re1 b5 7. Bb3 O-O 8. a4 Bb7 9. d3 d6 10. Nbd2 Na5 11. Ba2 c5 12. c3 h6 13. h3 Re8 14. Nf1 c4 15. b4 cxb3 16. Bxb3 Nxb3 17. Qxb3 Qd7 18. axb5 axb5 19. Ba3 Bd8 20. Ng3 d5 21. Rab1 dxe4 22. dxe4 Bc6 23. Bb4 Bb6 24. Rb2 Qb7 25. Rbe2 Rad8 26. Nh4 Rd3 27. Nhf5 Re6 28. Qc2 Rd7 29. Kh2 Kh7 30. Qc1 Ng8 31. Rd1 Rxd1 32. Qxd1 Nf6 33. Nd6 Qc7 34. Qd3 Qd7 35. Rd2 Ne8 36. Ngf5 g6 37. Qg3 Nxd6 38. Nxd6 Bc7 39. Nc4 Qe8 40. Nd6 Bxd6 41. Rxd6 Bxe4 42. Qh4 Rxd6 43. Bxd6 Bd5 44. Qf6 Qe6 45. Qxe6 1/2-1/2

[Event "Chinese League Div-A Rapid 2022"]
[Site "Fuling,Chongqing"]
[Date "2022.09.18"]
[Round "10.7"]
[White "Huang, Renjie"]
[Black "Chen, Yuan"]
[Result "1-0"]
[ECO "B43"]
[WhiteElo "2446"]
[BlackElo "2138"]
[Annotator "ChessBase"]
[PlyCount "61"]
[EventDate "2022.09.07"]
[EventType "team-tourn"]
[EventCountry "CHN"]
[SourceTitle "playchess.com"]
[Source "ChessBase"]
[SourceQuality "1"]
[TimeControl "1500+10"]

1. e4 c5 2. Nf3 e6 3. d4 cxd4 4. Nxd4 a6 5. Nc3 Qc7 6. Be2 Nf6 7. Qd3 d6 8. Qg3 b5 9. b4 e5 10. Nb3 d5 11. O-O dxe4 12. Bxb5+ Bd7 13. Bxd7+ Nbxd7 14. Bb2 Bxb4 15. Qxg7 O-O-O 16. Ne2 Rhg8 17. Qxf7 Qc6 18. Nbc1 e3 19. f3 Qxc2 20. Qb3 Qxb3 21. Nxb3 Nd5 22. a3 Bd2 23. Rfd1 N7b6 24. Bxe5 Nc4 25. Bg3 Nc3 26. Nxc3 Bxc3 27. Rxd8+ Kxd8 28. Bh4+ Kd7 29. Rc1 Rb8 30. Rxc3 Na5 31. Nc5+ 1-0

[Event "Chinese League Div-A Rapid 2022"]
[Site "Fuling,Chongqing"]
[Date "2022.09.18"]
[Round "10.8"]
[White "Liu, Qingnan"]
[Black "Lu, Shanglei"]
[Result "1/2-1/2"]
[ECO "E04"]
[WhiteElo "2542"]
[BlackElo "2616"]
[Annotator "ChessBase"]
[PlyCount "55"]
[EventDate "2022.09.07"]
[EventType "team-tourn"]
[EventCountry "CHN"]
[SourceTitle "playchess.com"]
[Source "ChessBase"]
[SourceQuality "1"]
[TimeControl "1500+10"]

1. Nf3 Nf6 2. d4 d5 3. c4 e6 4. g3 dxc4 5. Bg2 c5 6. O-O Nc6 7. dxc5 Qxd1 8. Rxd1 Bxc5 9. Nbd2 c3 10. bxc3 O-O 11. Nb3 Be7 12. Nfd4 Bd7 13. Nb5 Rfd8 14. Be3 a6 15. Nd6 Bxd6 16. Rxd6 Be8 17. Rxd8 Nxd8 18. Na5 Nd5 19. Bd2 b5 20. c4 bxc4 21. Nxc4 Rc8 22. Nd6 Rc2 23. Bg5 f6 24. Rc1 Rxc1+ 25. Bxc1 Bc6 26. Bd2 Nb7 27. Nxb7 Bxb7 28. f4 1/2-1/2

[Event "Chinese League Div-A Rapid 2022"]
[Site "Fuling,Chongqing"]
[Date "2022.09.18"]
[Round "10.9"]
[White "Bai, Xue"]
[Black "Hu, Yu A."]
[Result "0-1"]
[ECO "B33"]
[WhiteElo "2123"]
[BlackElo "2074"]
[Annotator "TA"]
[PlyCount "126"]
[EventDate "2022.09.07"]
[EventType "team-tourn"]
[EventCountry "CHN"]
[SourceTitle "playchess.com"]
[Source "ChessBase"]
[SourceQuality "1"]
[TimeControl "1500+10"]

1. e4 c5 2. Nf3 Nc6 3. d4 cxd4 4. Nxd4 Nf6 5. Nc3 e5 6. Ndb5 d6 7. Bg5 a6 8. Na3 b5 9. Nd5 Be7 10. Bxf6 Bxf6 11. c3 Bg5 12. Nc2 Rb8 13. a4 bxa4 14. Ncb4 Nxb4 15. Nxb4 {[%emt 0:00:11] Threatens to win with Nc6.} Bd7 {[%emt 0:00:13] Prevents Nc6. Strongly threatening ...a5. B33: Sicilian: Pelikan and Sveshnikov Variations.} 16. Bxa6 ({Of course not} 16. Qxd6 Be7 17. Qxe5 O-O 18. Bxa6 Bxb4 19. cxb4 Qb6 $17) 16... Qa5 {[%emt 0:00:26] White must now prevent ...Rxb4.} 17. Qd5 Qxd5 {[%emt 0:01:49] The position is equal.} 18. exd5 O-O 19. O-O e4 {[%emt 0:06:35] [#]} 20. Rfe1 $146 ({Predecessor:} 20. Be2 Ra8 21. Ra3 Ra5 22. Bd1 Bb5 23. Re1 Re8 24. Be2 Bxe2 25. Rxe2 f5 26. g3 {0-1 (67) Cenal Gutierrez,R (2216)-Buchicchio,G (2296) England 2015}) 20... f5 21. Re2 Rb6 {[%emt 0:00:19][%cal Ob6a6] Inhibits Nc6. Black wants to play ...Rxa6!} 22. g3 {[%emt 0:05:06] [#]} (22. Bc4 $11) 22... Rxa6 $1 $17 23. Nxa6 Bb5 $1 24. Ree1 (24. Rc2 $17 Bxa6 25. c4) 24... Bxa6 $19 25. Rxa4 Bd3 26. Rea1 e3 27. h4 Bh6 (27... exf2+ $17 28. Kxf2 Bf6) 28. f4 $1 $15 g6 {[%emt 0:01:17] Black is more active.} 29. Ra7 Re8 (29... Bc4 $17 30. Re7 Bxd5 31. Rxe3 Be4) 30. Ra8 $1 $11 Rxa8 31. Rxa8+ Kf7 32. Ra7+ Kf6 33. Kg2 Bf8 34. Kf3 e2 35. Kf2 Be7 36. Ra8 h6 37. Rh8 Kg7 {[%emt 0:00:06] Black converts the advantage convincingly.} 38. Ra8 g5 39. Ra7 Kf8 40. fxg5 (40. hxg5 $17 hxg5 41. Ra8+ Kf7 42. Ra7) 40... hxg5 $19 41. h5 Bf6 {[%emt 0:00:10] And now ...Be5 would win.} 42. h6 Kg8 $2 (42... Be5 {[%cal Oe5g3] ( -> ...Bxg3+!)} 43. Ra1 Kg8) 43. Ra1 $2 (43. Rd7 Be5 44. Re7) 43... Kh7 44. Ke3 Bb5 {[%emt 0:00:02] aiming for ...Be5.} 45. Kd2 Be5 46. Rg1 f4 {[%emt 0:00:14] ...Bc4 is the strong threat.} 47. gxf4 gxf4 {[%emt 0:00:01] Black mates.} 48. Ke1 f3 49. Rg4 Kxh6 50. Kf2 Kh5 51. Re4 Bd3 52. Ra4 Bf6 53. Ra1 Bh4+ 54. Ke3 Bc4 55. Kxf3 e1=Q 56. Rxe1 Bxe1 57. Ke4 Kg5 58. Kd4 Bb3 59. c4 Bb4 60. Kd3 Kf4 61. Kd4 Kf3 62. Kd3 Kf2 63. Kd4 Ke2 {[%emt 0:00:02] Weighted Error Value: White=0.63/Black=0.23 (precise)} 0-1

[Event "Chinese League Div-A Rapid 2022"]
[Site "Fuling,Chongqing"]
[Date "2022.09.18"]
[Round "10.10"]
[White "Qiu, Mengjie"]
[Black "Gu, Xiaobing"]
[Result "0-1"]
[ECO "B51"]
[WhiteElo "2149"]
[BlackElo "2219"]
[Annotator "TA"]
[PlyCount "126"]
[EventDate "2022.09.07"]
[EventType "team-tourn"]
[EventCountry "CHN"]
[SourceTitle "playchess.com"]
[Source "ChessBase"]
[SourceQuality "1"]
[TimeControl "1500+10"]

1. e4 c5 2. Nf3 d6 3. Bb5+ Nd7 4. O-O a6 5. Bxd7+ Bxd7 6. c3 Nf6 {[%emt 0:00:33] B51: Sicilian: Moscow Variation (3 Bb5+) without 3...Bd7.} 7. Re1 Bg4 8. d4 e6 {[%emt 0:00:59] The position is equal.} 9. Nbd2 (9. h3 $5 Bh5 10. Bg5 $11) 9... Be7 10. h3 Bh5 11. Nf1 {[%emt 0:00:14] [#]} cxd4 $146 ({Predecessor:} 11... h6 12. Ng3 Bg6 13. Qb3 Qc7 14. Bf4 b5 15. dxc5 Qxc5 16. e5 Nd5 17. exd6 Bxd6 18. Bxd6 Qxd6 {0-1 (68) Aldrich,J (1631)-De Mott,K (1405) Kalamazoo 2002}) 12. cxd4 O-O (12... d5 $5 13. e5 Ne4 $11) 13. Ng3 Bg6 14. Bg5 h6 15. Bxf6 Bxf6 16. e5 Be7 ({Black should try} 16... dxe5 $15 17. Nxe5 Bxe5 18. dxe5 Qb6) 17. exd6 Qxd6 18. Ne5 Bh7 19. Qg4 f5 20. Qe2 Rae8 ({But not} 20... Qxd4 21. Rad1 (21. Nf3 Qb6 $11) 21... Qb4 22. Nd7 $16) 21. Nc4 Qd5 22. Qxe6+ Qxe6 23. Rxe6 {[%emt 0:00:01] Hoping for Rae1.} Bf6 (23... f4 $5 24. Ne4 b5 $11) 24. Rxe8 Rxe8 25. Rd1 (25. Nd6 $5 Rd8 26. Ngxf5 $14) 25... f4 26. Nh5 Bg5 27. h4 Bxh4 28. Nxf4 Bg5 29. Nd3 Rd8 30. Nc5 Bc2 {[%emt 0:00:07][%mdl 64] [#] Deflection} 31. Re1 Rxd4 32. Na3 (32. b3 $11) 32... Bg6 (32... Bf5 $5 ) 33. Re6 $2 {[%emt 0:00:11] This move loses the game for White.} (33. Ne6 $11 {and White is okay.} Bd2 34. Rd1) 33... Bf7 34. Rb6 $2 (34. Re1 {is more resistant.}) 34... Rd1+ $19 35. Kh2 Bd5 {[%emt 0:00:04] Against Ne4. ( -> ...Bf4+)} 36. Kg3 {[%emt 0:00:57] Against Bf4+} (36. Ne6 $142 Bf6 37. Nc2) 36... Bd8 {[%emt 0:00:11] This bishop pair is nice.} 37. Rg6 (37. Rxb7 $142 Bxb7 38. Nxb7) 37... Bc7+ 38. f4 Kh7 39. Rg4 g5 40. Kf2 Bxf4 41. Ke2 Rh1 {[%emt 0:01:23] aiming for ...h5.} 42. Nd3 Be6 43. Rxf4 gxf4 44. Nxf4 Bxa2 {[%emt 0:00:03][%mdl 4096] Endgame KRB-KNN} 45. Kd2 Rh4 46. g3 Rg4 47. Ne2 Kg6 48. Kc3 Be6 49. Nc2 Bd7 {[%emt 0:00:27] And now ...Bb5 would win.} 50. Ncd4 Re4 51. Kd3 Re8 52. Nf4+ Kg5 53. Nd5 Bf5+ 54. Kc3 Rc8+ 55. Kb4 Bh3 56. Ne3 Re8 57. Ndc2 Bf5 {[%emt 0:00:06] ...Bxc2 is the strong threat.} 58. Ka5 Bxc2 (58... Re5+ $142 59. Kb4 Bxc2 60. Nxc2 Kg4 61. Kc3 Kxg3 62. Na3 h5 63. Nc4 Rb5 64. Nd6 h4 65. Nc4 Kf3 66. Nd6 h3 67. Kd4 h2 68. Nxb5 axb5 69. Kc5 h1=Q 70. Kb6 Qh6+ 71. Kc7 Qc6+ 72. Kb8 Ke4 73. Ka7 Ke5 74. Kb8 Kd6 75. b3 Qa6 76. b4 Kc6 77. Kc8 Qa8#) 59. Nxc2 Re5+ {[%emt 0:00:04] Black mates.} 60. Kb4 Kg4 61. Kc3 Kxg3 62. Kd4 Re2 63. Kd3 {[%emt 0:00:01] [#]} Rxc2 $1 {[%emt 0:00:04] Weighted Error Value: White=0.45/Black=0.28 (precise)} 0-1

[Event "Chinese League Div-A Rapid 2022"]
[Site "Fuling,Chongqing"]
[Date "2022.09.18"]
[Round "10.11"]
[White "Xiao, Tong"]
[Black "Lin, Chen"]
[Result "1/2-1/2"]
[ECO "B19"]
[WhiteElo "2027"]
[BlackElo "2485"]
[Annotator "ChessBase"]
[PlyCount "79"]
[EventDate "2022.09.07"]
[EventType "team-tourn"]
[EventCountry "CHN"]
[SourceTitle "playchess.com"]
[Source "ChessBase"]
[SourceQuality "1"]
[TimeControl "1500+10"]

1. e4 c6 2. d4 d5 3. Nc3 dxe4 4. Nxe4 Bf5 5. Ng3 Bg6 6. Nf3 Nd7 7. h4 h6 8. Bd3 Bxd3 9. Qxd3 e6 10. Bf4 Ngf6 11. O-O-O Be7 12. Kb1 O-O 13. Ne4 Nxe4 14. Qxe4 Nf6 15. Qe2 Qd5 16. Rhe1 Qb5 17. Qxb5 cxb5 18. d5 Bc5 19. dxe6 fxe6 20. Bd6 Bxd6 21. Rxd6 Ng4 22. Rexe6 Nxf2 23. Re7 Rae8 24. Rxe8 Rxe8 25. Rd7 Re2 26. a3 Ne4 27. Rxb7 a6 28. Rb6 Rxg2 29. Rxa6 Rg4 30. Rb6 Rf4 31. Ne5 Rxh4 32. Rb8+ Kh7 33. Rxb5 g5 34. Rb4 Rf4 35. Ka2 h5 36. a4 h4 37. Nd3 Rg4 38. Ne5 Rf4 39. Nd3 Rg4 40. Ne5 1/2-1/2

[Event "Chinese League Div-A Rapid 2022"]
[Site "Fuling,Chongqing"]
[Date "2022.09.18"]
[Round "10.12"]
[White "Zhou, Weiqi"]
[Black "Chen, Qi b"]
[Result "1-0"]
[ECO "A13"]
[WhiteElo "2597"]
[BlackElo "2485"]
[Annotator "ChessBase"]
[PlyCount "77"]
[EventDate "2022.09.07"]
[EventType "team-tourn"]
[EventCountry "CHN"]
[SourceTitle "playchess.com"]
[Source "ChessBase"]
[SourceQuality "1"]
[TimeControl "1500+10"]

1. Nf3 d5 2. e3 Nf6 3. c4 e6 4. b3 b6 5. Bb2 Bb7 6. Nc3 Nbd7 7. cxd5 exd5 8. d4 a6 9. g3 Bd6 10. Bg2 Qe7 11. O-O h5 12. Nh4 g6 13. Qc2 O-O-O 14. Rfe1 Ne4 15. Rac1 Kb8 16. Ne2 g5 17. Nf5 Qe6 18. Nxd6 Qxd6 19. f3 Nef6 20. e4 Ne8 21. e5 Qe6 22. f4 Qh6 23. Qf5 Ng7 24. Qxg5 Qh7 25. f5 Nxf5 26. Rf1 Nh6 27. Nf4 h4 28. e6 Rdg8 29. Qxh4 fxe6 30. Nxe6 Rg4 31. Qh5 Qe7 32. Rce1 Rgg8 33. Nc5 Qg7 34. Nxb7 Ng4 35. Qxd5 Rxh2 36. Nd6 Rxg2+ 37. Kxg2 cxd6 38. Qxd6+ Ka7 39. Re7 1-0

[Event "Chinese League Div-A Rapid 2022"]
[Site "Fuling,Chongqing"]
[Date "2022.09.18"]
[Round "10.13"]
[White "Lin, Yi"]
[Black "Xu, Jun"]
[Result "1-0"]
[ECO "A60"]
[WhiteElo "2394"]
[BlackElo "2474"]
[Annotator "ChessBase"]
[PlyCount "151"]
[EventDate "2022.09.07"]
[EventType "team-tourn"]
[EventCountry "CHN"]
[SourceTitle "playchess.com"]
[Source "ChessBase"]
[SourceQuality "1"]
[TimeControl "1500+10"]

1. d4 Nf6 2. c4 e6 3. g3 c5 4. d5 exd5 5. cxd5 b5 6. Nf3 Bb7 7. e4 Nxe4 8. Bg2 Be7 9. O-O O-O 10. Re1 Nd6 11. Bf4 Na6 12. Nc3 b4 13. Na4 Nc8 14. Ne5 d6 15. Nc6 Bxc6 16. dxc6 Nc7 17. Nxc5 dxc5 18. Qd7 Nb5 19. Rad1 a6 20. Qxd8 Bxd8 21. c7 Bxc7 22. Bxa8 Bxf4 23. gxf4 Ncd6 24. Bc6 Nd4 25. Re5 Rc8 26. Rxc5 N6f5 27. Re1 Nd6 28. Rd5 Nf3+ 29. Kf1 Nxe1 30. Rxd6 Nc2 31. Bb7 Rb8 32. Rxa6 Kf8 33. Ra8 Rxa8 34. Bxa8 Nd4 35. Bd5 Ke7 36. a3 bxa3 37. bxa3 f6 38. Bc4 Kd6 39. Bd3 Ne6 40. f5 Nc5 41. Bc2 Kd5 42. Ke2 Kd4 43. Kd2 Kc4 44. Bd1 Ne4+ 45. Ke3 Nd6 46. Kf4 Kc3 47. a4 Kb4 48. Bc2 Kc3 49. Be4 Kb4 50. Bc6 Kc5 51. Bd7 Kb4 52. Ke3 Kc5 53. Kd3 Nc4 54. Ke4 Nd6+ 55. Ke3 Nc4+ 56. Kf4 Nd6 57. h3 Kb4 58. Ke3 Kc5 59. Kd3 Nc4 60. Be8 Nd6 61. Bd7 Nc4 62. Ke4 Nd6+ 63. Kf4 Kb4 64. h4 Kc5 65. a5 Nc4 66. a6 Kb6 67. Be6 Nd6 68. Bg8 Kxa6 69. Bxh7 Kb6 70. Kg4 Nf7 71. Bg6 Nh8 72. h5 Kc7 73. h6 gxh6 74. Kh5 Kd6 75. Kxh6 Ke7 76. Kg7 1-0